 Dungeon Crawl Stone Soup version 0.31.0-12-g77e489cdc1 (webtiles) character file.

Game seed: 13455207011231548636

12257 EonDragon20 the Basher (level 11, -3/67 HPs)
             Began as a Gargoyle Reaver on Feb 21, 2024.
             Was a High Priest of Vehumet.
             Slain by Snorg (7 damage)
             ... on level 10 of the Dungeon.
             The game lasted 00:36:59 (13591 turns).

EonDragon20 the Basher (Gargoyle Reaver)           Turns: 13591, Time: 00:36:59

Health: -3/67      AC: 16    Str: 18    XL:     11   Next: 90%
Magic:  0/20       EV: 11    Int: 16    God:    Vehumet [*****.]
Gold:   501        SH:  0    Dex: 14    Spells: 3/22 levels left

rFire   + . .        s - +5 flail
rCold   . . .        (no shield)
rNeg    + . .        y - +0 troll leather armour
rPois   ∞            h - +0 helmet
rElec   +            c - +1 cloak
rCorr   .            (no gloves)
SInv    .            k - +0 pair of boots
Will    .....        (no amulet)
Stlth   +            d - ring of protection from fire
HPRegen 1.11/turn    A - +6 ring of dexterity
MPRegen 0.17/turn

%: no passive effects
@: very slightly contaminated
A: sickness immunity, AC +8, negative energy resistance 1, electricity
resistance, torment resistance 1, petrification resistance
a: Renounce Religion


You were on level 10 of the Dungeon.
You worshipped Vehumet.
Vehumet was extremely pleased with you.
You visited 1 branch of the dungeon, and saw 10 of its levels.

You collected 501 gold pieces.

Inventory:

Hand Weapons
 s - a +5 flail (weapon)
Armour
 c - a +1 cloak (worn)
 h - a +0 helmet (worn)
 k - a +0 pair of boots (worn)
 y - a +0 troll leather armour (worn)
Jewellery
 d - a ring of protection from fire (left hand)
 f - a ring of positive energy
 p - an amulet of the acrobat
 w - a ring of wizardry
 z - a ring of magical power
 A - a +6 ring of dexterity (right hand)
Wands
 u - a wand of flame (39)
 v - a wand of acid (11)
 x - a wand of iceblast (1)
Scrolls
 m - a scroll of identify
 t - 2 scrolls of fog
Potions
 a - 2 potions of enlightenment
 e - a potion of magic {unknown}
 g - 2 potions of brilliance
 i - a potion of heal wounds {unknown}
 j - a potion of curing
 l - a potion of ambrosia
 n - 2 potions of lignification
 o - a potion of degeneration {unknown}
 q - 3 potions of attraction
 r - a potion of experience {unknown}


   Skills:
 * Level 7.3 Fighting
 - Level 14.5 Maces & Flails
 * Level 4.9 Armour
 - Level 1.5 Dodging
 * Level 6.1 Spellcasting
 * Level 7.8 Conjurations


You had 3 spell levels left.
You knew the following spells:

 Your Spells              Type           Power      Damage    Failure   Level
a - Kiss of Death         Conj/Necr      68%        2d10      1%          1
b - Momentum Strike       Conj/Tloc      34%        3d8       1%          2
c - Shock                 Conj/Air       68%        1d7       1%          1
d - Dazzling Flash        Conj/Hex       34%        N/A       2%          3
e - Magic Dart            Conj           100%       1d8       1%          1
f - Stone Arrow           Conj/Erth      34%        3d9       2%          3
g - Fireball              Conj/Fire      8%         3d6       22%         5
h - Hailstorm             Conj/Ice       17%        3d6       2%          3

Your spell library contained the following spells:

 Spells                   Type           Power      Damage    Failure   Level
 Iskenderun's Battlesphe  Conj           30%        2d8       5%          5
 Freeze                   Ice            16%        1d4       4%          1
 Frozen Ramparts          Ice            8%         1d2       13%         3
 Volatile Blastmotes      Fire/Tloc      8%         2d10      13%         3
 Necrotise                Necr           16%        1d4       16%         1
 Blink                    Tloc           8%         N/A       24%         2
 Call Imp                 Summ           8%         N/A       24%         2
 Ensorcelled Hibernation  Hex/Ice        8%         N/A       24%         2
 Lesser Beckoning         Tloc           8%         N/A       24%         2
 Fugue of the Fallen      Necr           4%         N/A       43%         3
 Gell's Gravitas          Tloc           4%         N/A       43%         3
 Teleport Other           Tloc           4%         N/A       43%         3
 Vampiric Draining        Necr           4%         2d6       43%         3
 Lee's Rapid Deconstruct  Erth           2%         3d4*      71%         5
 Starburst                Conj/Fire      8%         6d4       73%         6
 Anguish                  Hex/Necr       2%         N/A       85%         4
 Animate Armour           Summ/Erth      8%         N/A       85%         4
 Leda's Liquefaction      Alch/Erth      2%         N/A       85%         4
 Martyr's Knell           Necr/Summ      4%         N/A       85%         4
 Petrify                  Alch/Erth      4%         N/A       85%         4
 Summon Lightning Spire   Summ/Air       4%         N/A       85%         4
 Alistair's Intoxication  Alch           2%         N/A       99%         5
 Borgnjor's Vile Clutch   Necr/Erth      2%         N/A       99%         5
 Curse of Agony           Necr           4%         N/A       99%         5
 Metabolic Englaciation   Hex/Ice        2%         N/A       99%         5
 Eringya's Noxious Bog    Alch           2%         4d6       99%         6
 Maxwell's Capacitive Co  Air            2%         ∞         100%        8


Dungeon Overview and Level Annotations

Branches:
Dungeon (10/15)            Temple (0/1) D:5             Orc (0/2) D:10
   Lair: D:8-11

Altars:
Ashenzari
Cheibriados
Elyvilon
Fedhas
Gozag
Hepliaklqana
Makhleb
Okawaru
Qazlal
Sif Muna
Trog
Vehumet
Wu Jian
Xom
Zin
The Shining One

Shops:
D:9 *

Annotations:
D:2 1 runed translucent door, Crazy Yiuf
D:9 exclusion: statue
D:10 Snorg


Innate Abilities, Weirdness & Mutations

You are immune to sickness and miasma.
Your stone body is resilient. (AC +8)
You are immune to poison.
You resist negative energy. (rN+)
You are resistant to electric shocks. (rElec)
You are resistant to unholy torment.
You are immune to petrification.


Message History

The stone arrow hits Snorg!!
Snorg is severely wounded.
Casting: Stone Arrow (dangerous; 2% risk of failure)
Confirm with . or Enter, or press ? or * to list all spells.
Aiming: Stone Arrow (dangerous; 2% risk of failure)
Press: ? - help, Shift-Dir - straight line, f/p - Snorg
Aim: Snorg (severely wounded, 68% to hit)
The stone arrow hits Snorg!!
Snorg is almost dead.
Snorg goes berserk!
Casting: Stone Arrow (dangerous; 2% risk of failure)
Confirm with . or Enter, or press ? or * to list all spells.
Aiming: Stone Arrow (dangerous; 2% risk of failure)
Press: ? - help, Shift-Dir - straight line, f/p - Snorg
Aim: Snorg (almost dead, berserk, 68% to hit)
The stone arrow misses Snorg.
Snorg bites you! Snorg claws you!! Snorg claws you!
Casting: Stone Arrow (dangerous; 2% risk of failure)
Confirm with . or Enter, or press ? or * to list all spells.
Aiming: Stone Arrow (dangerous; 2% risk of failure)
Press: ? - help, Shift-Dir - straight line, f/p - Snorg
Aim: Snorg (almost dead, berserk, 68% to hit)
You miscast Stone Arrow.
You are very lightly contaminated with residual magic.
Nothing appears to happen.
Snorg barely misses you. Snorg claws you! Snorg misses you.
Casting: Stone Arrow (dangerous; 2% risk of failure)
Confirm with . or Enter, or press ? or * to list all spells.
Aiming: Stone Arrow (dangerous; 2% risk of failure)
Press: ? - help, Shift-Dir - straight line, f/p - Snorg
Aim: Snorg (almost dead, berserk, 68% to hit)
The stone arrow hits Snorg!
Snorg is almost dead.
Snorg barely misses you. Snorg claws you but does no damage. Snorg claws you.
Snorg bites you.
* * * LOW HITPOINT WARNING * * *
Snorg claws you!
* * * LOW HITPOINT WARNING * * *
Snorg claws you!
You die...

########### #.........#
#.#######.# #.#.....#.#
#.#.###.#.#
################.#<..#.#.########
........................>.)[##...
.....###########@#.....#.##[##.#.
.....# #####T#####.#.#.[.....
.....#######...#.......#.#..###..
.....)...........#######.#..#<)..
.....#######...#..### #.########
.....# ######...####.#.......
.....# ..........##.....######
.....# ............<..>.# .....#
...........#.#.#.#


You could see Snorg (berserk).

Vanquished Creatures
  Erica (D:10)
  2 two-headed ogres
  Maggie (D:10)
  A gargoyle (D:10)
  4 kobold demonologists (D:10)
  2 trolls (D:10)
  A hornet (D:7)
  A wyvern (D:9)
  2 shadows
  A wraith (D:10)
  21 yaks
  A steam dragon (D:10)
  2 water moccasins
  2 ice beasts
  An orc warrior (D:8)
  2 sky beasts
  2 black bears
  An ogre (D:5)
  3 centaurs
  2 kobold brigands
  7 bullfrogs
  A gnoll sergeant (D:7)
  3 scorpions
  8 wights
  12 killer bees
  4 howler monkeys
  7 electric eels (D:7)
  3 crimson imps (D:9)
  2 quasits (D:7)
  A bombardier beetle (D:5)
  5 hounds
  A jelly (D:7)
  3 orc priests (D:8)
  5 iguanas
  A sleepcap (D:5)
  6 orc wizards
  5 gnolls
  12 adders
  4 shadow imps
  9 white imps
  5 ufetubi
  3 ribbon worms
  4 dart slugs
  22 orcs
  11 endoplasms
  A giant cockroach (D:2)
  11 goblins
  9 hobgoblins
  7 jackals
  3 quokkas
  12 ball pythons
  4 bats
  4 frilled lizards
  17 kobolds
  7 rats
272 creatures vanquished.

Vanquished Creatures (others)
  An orc wizard (D:8)
1 creature vanquished.

Grand Total: 273 creatures vanquished

Notes
Turn   | Place    | Note
-------+----------+-------------------------------------------
     0 | D:1      | EonDragon20 the Gargoyle Reaver began the quest for the
                  | Orb.
     0 | D:1      | Reached XP level 1. HP: 12/12 MP: 3/3
   129 | D:1      | Reached XP level 2. HP: 12/17 MP: 5/5
   345 | D:1      | Found a faded altar of an unknown god.
   495 | D:1      | Prayed at the altar of an unknown god.
   495 | D:1      | Became a worshipper of Vehumet
   495 | D:1      | Reached * piety under Vehumet
   495 | D:1      | Offered knowledge of Shock by Vehumet.
   641 | D:1      | Reached skill level 4 in Maces & Flails
   673 | D:1      | Reached XP level 3. HP: 21/21 MP: 6/6
   778 | D:1      | Learned a level 2 spell: Momentum Strike
   780 | D:1      | Learned a level 1 spell: Shock
  1248 | D:2      | Offered knowledge of Mercury Vapours by Vehumet.
  1321 | D:2      | Reached ** piety under Vehumet
  1322 | D:2      | Reached XP level 4. HP: 24/26 MP: 7/7
  1490 | D:2      | Reached skill level 5 in Maces & Flails
  1837 | D:2      | Found a runed translucent door.
  1838 | D:2      | Noticed Crazy Yiuf
  2148 | D:3      | Found an opulent altar of Gozag.
  2467 | D:3      | Found a burning altar of Makhleb.
  2473 | D:3      | Found a glowing silver altar of Zin.
  2492 | D:3      | Found a hazy altar of Hepliaklqana.
  2492 | D:3      | Found a shimmering altar of Xom.
  2499 | D:3      | Found a glowing golden altar of the Shining One.
  2539 | D:3      | Offered knowledge of Dazzling Flash by Vehumet.
  2545 | D:3      | Learned a level 3 spell: Dazzling Flash
  2621 | D:3      | Reached XP level 5. HP: 24/24 MP: 8/8
  2828 | D:3      | Reached *** piety under Vehumet
  2829 | D:3      | Reached skill level 6 in Maces & Flails
  3150 | D:4      | Reached XP level 6. HP: 34/35 MP: 9/9
  3150 | D:4      | Offered knowledge of Sticky Flame by Vehumet.
  3194 | D:4      | Noticed a sky beast
  3214 | D:4      | Killed a sky beast
  3215 | D:4      | Reached skill level 7 in Maces & Flails
  3230 | D:4      | Found a white marble altar of Elyvilon.
  3359 | D:4      | Reached XP level 7. HP: 36/40 MP: 10/10
  3429 | D:4      | Found a bloodstained altar of Trog.
  3483 | D:4      | Learned a level 1 spell: Magic Dart
  3694 | D:5      | Entered Level 5 of the Dungeon
  3732 | D:5      | Reached skill level 8 in Maces & Flails
  3926 | D:5      | Found an iron altar of Okawaru.
  4188 | D:5      | Found a staircase to the Ecumenical Temple.
  4393 | D:5      | Reached **** piety under Vehumet
  4452 | D:5      | Found a stormy altar of Qazlal.
  4474 | D:5      | Reached skill level 9 in Maces & Flails
  4598 | D:5      | Reached XP level 8. HP: 23/29 MP: 9/11
  4656 | D:5      | Offered knowledge of Stone Arrow by Vehumet.
  4661 | D:5      | Learned a level 3 spell: Stone Arrow
  4906 | D:6      | Reached skill level 10 in Maces & Flails
  5586 | D:6      | Reached skill level 11 in Maces & Flails
  6106 | D:7      | Reached XP level 9. HP: 32/44 MP: 12/12
  6491 | D:7      | Reached skill level 12 in Maces & Flails
  6797 | D:7      | Found a broken altar of Ashenzari.
  7263 | D:7      | Noticed a hornet
  7278 | D:7      | Killed a hornet
  7392 | D:7      | Reached skill level 13 in Maces & Flails
  7832 | D:7      | Found an ornate altar of the Wu Jian Council.
  7843 | D:7      | Found a blossoming altar of Fedhas.
  8263 | D:8      | Noticed a two-headed ogre
  8339 | D:8      | Noticed a two-headed ogre
  8892 | D:8      | Reached ***** piety under Vehumet
  8892 | D:8      | Offered knowledge of Fireball by Vehumet.
  8893 | D:8      | Reached XP level 10. HP: 51/53 MP: 13/13
  8910 | D:8      | Found a shimmering blue altar of Sif Muna.
  9099 | D:7      | Killed a two-headed ogre
  9100 | D:7      | Reached skill level 14 in Maces & Flails
  9360 | D:8      | Killed a two-headed ogre
  9632 | D:8      | Learned a level 5 spell: Fireball
  9685 | D:8      | Reached skill level 5 in Conjurations
 10401 | D:8      | Reached skill level 5 in Fighting
 10819 | D:9      | Reached XP level 11. HP: 36/64 MP: 17/17
 10825 | D:9      | Reached skill level 1 in Armour
 11173 | D:9      | Found Yteat's Assorted Antiques.
 11198 | D:9      | Found a snail-covered altar of Cheibriados.
 11408 | D:9      | Found a radiant altar of Vehumet.
 11513 | D:9      | Learned a level 3 spell: Hailstorm
 12139 | D:10     | Entered Level 10 of the Dungeon
 12204 | D:10     | Reached skill level 5 in Spellcasting
 12324 | D:10     | Found a staircase to the Orcish Mines.
 12362 | D:10     | Noticed Snorg
 12622 | D:10     | Noticed Maggie
 12631 | D:10     | Killed Maggie
 12820 | D:10     | Noticed a sun demon
 12824 | D:10     | Noticed a sixfirhy
 13117 | D:10     | Offered knowledge of Iskenderun's Battlesphere by Vehumet.
 13340 | D:10     | Noticed Erica
 13353 | D:10     | Killed Erica
 13591 | D:10     | Slain by Snorg

Illustrated notes

Levels and vault maps discovered:
D:1:      elethiomel_arrival_shortcut, layout_basic,
          shapermc_ecumenical_altar_acropolis
D:2:      layout_basic, chequers_serial_rivers_micro_b,
          minmay_misc_feat_enclosed, uniq_crazy_yiuf_cottage
D:3:      layout_rooms, lemuel_round_altar,
          nicolae_overflow_hallway_of_the_gods, minmay_misc_feat_secret_circle,
          minmay_snake_closets
D:4:      layout_cave_pools, nicolae_overflow_hidden_temple, elyvilon_altar_5,
          kennysheep_generic_room_15
D:5:      layout_gridville, nicolae_qazlal_beasts_of_the_sky,
          mainiacjoe_overflow_surrounded_room, temple_pool_b
D:6:      layout_cave_pods
D:7:      layout_basic, mainiacjoe_overflow_alcove_2,
          mainiacjoe_overflow_concentric_impassable,
          cheibrodos_ashenzari_chains, serial_bayou, serial_bayou_ford_a,
          serial_bayou_lagoon_b, serial_bayou_pond_c, serial_bayou_pond_c,
          serial_bayou_lake_a
D:8:      layout_cave_pools, led_sif_book, serial_demonic, serial_demonic_e,
          serial_demonic_d, serial_demonic_f, serial_demonic_g,
          serial_demonic_g, serial_demonic_e, serial_demonic_c, serial_demonic_g
D:9:      layout_layer_cave, vehumet_statue, lemuel_crystal_altar, serial_shops,
          nicolae_shop_tiny_waterfront, minmay_fire_ice_demons
D:10:     layout_basic, orc_0_dummy, kennysheep_generic_room_8, uniq_erica,
          uniq_snorg, uniq_maggie

Skill      XL: |  1  2  3  4  5  6  7  8  9 10 11 |
---------------+----------------------------------+-----
Maces & Flails | 4 5 6 7 9 11 13 14 | 14.5
Fighting       | 5 7 |  7.3
Conjurations   | 6 7 |  7.8
Spellcasting   | 4 6 |  6.1
Armour         | 4 |  4.9
Dodging        | |  1.5

Action                     |  1- 3 |  4- 6 |  7- 9 | 10-12 || total
---------------------------+-------+-------+-------+-------++-------
  Melee: Mace              |   123 |   293 |   329 |       ||   745
         Punch             |       |     3 |     4 |     4 ||    11
         Flail             |       |       |    54 |   380 ||   434
   Cast: Kiss of Death     |     1 |     3 |     8 |     1 ||    13
         Shock             |       |    10 |       |     3 ||    13
         Magic Dart        |       |       |     7 |    22 ||    29
         Stone Arrow       |       |       |     9 |    26 ||    35
         Hailstorm         |       |       |       |     7 ||     7
    Use: Scroll            |     2 |     9 |     9 |     6 ||    26
         Potion            |       |       |       |     3 ||     3
 Armour: Leather armour    |    65 |   201 |   350 |   241 ||   857
         Troll leather arm |       |       |       |     9 ||     9
  Dodge: Dodged            |    61 |   184 |   207 |   191 ||   643
